 Dungeon Crawl Stone Soup version 0.19-a0-1402-g0c1e9a7 (webtiles) character file.

621 Elitist the Chopper (level 7, 0/45 HPs)
             Began as a Halfling Gladiator on Sept 5, 2016.
             Killed from afar by an orc wizard (8 damage)
             ... with a puff of flame
             ... on level 4 of the Dungeon.
             The game lasted 00:05:32 (2638 turns).

Elitist the Chopper (Halfling Gladiator)            Turns: 2638, Time: 00:05:32

Health: 0/45       AC: 12    Str: 18    XL:     7   Next: 75%
Magic:  7/7        EV:  9    Int:  6    God:
Gold:   128        SH:  0    Dex: 15    Spells: 0 memorised, 6 levels left

rFire  . . .     SeeInvis .     a - +1 war axe
rCold  . . .     Gourm    .     n - +0 plate armour
rNeg   . . .     Faith    .     (shield restricted)
rPois  .         Spirit   .     c - +0 helmet
rElec  .         Dismiss  .     (no cloak)
rCorr  .         Reflect  .     (no gloves)
MR     .....     Harm     .     (no boots)
Stlth  ..........               (no amulet)
                                (no ring)
                                h - ring of stealth

@: no status effects
A: mutation resistance 1
a: no special abilities


You were on level 4 of the Dungeon.
You were not hungry.

You visited 1 branch of the dungeon, and saw 4 of its levels.

You collected 128 gold pieces.

Inventory:

Hand Weapons
 a - a +1 war axe (weapon)
Missiles
 e - 2 throwing nets (quivered)
Armour
 b - a +0 leather armour
 c - a +0 helmet (worn)
 n - a +0 plate armour (worn)
Jewellery
 h - a ring of stealth (left hand)
 r - an uncursed amulet of dismissal
Wands
 l - a wand of acid (0/15)
 q - a wand of disintegration (14/24)
Scrolls
 g - 2 scrolls of teleportation
 j - a scroll of enchant weapon
 p - 2 scrolls of identify
Potions
 d - a potion of flight
Comestibles
 f - 2 bread rations
 i - 2 beef jerkies
 k - 2 meat rations
 o - 2 chunks of flesh
 s - a slice of pizza


   Skills:
 + Level 2.6 Fighting
 * Level 7.4 Axes
 - Level 2.0 Throwing
 + Level 3.2 Armour
 - Level 3.2 Dodging


You had 6 spell levels left.
You didn't know any spells.

Dungeon Overview and Level Annotations

Branches:
Dungeon (4/15)
 Temple: D:4-7

Altars:
Qazlal

Annotations:
D:3 Grinder


Innate Abilities, Weirdness & Mutations

You are small and have problems with some larger weapons.
You are somewhat resistant to further mutation.


Message History

You barely miss the orc wizard. You closely miss something. x2
Something hits you but does no damage.
The orc wizard points at you and mumbles some strange words.
The puff of flame hits you!
Something hits you but does no damage. x2
Unknown command.
You closely miss the orc wizard. You closely miss something.
You hit something but do no damage. The orc wizard barely misses you.
You hear some strange, mumbled words.
Something tries to affect you, but you resist.
Something hits you but does no damage.
Unknown command.
You hit the orc wizard.
The orc wizard is moderately wounded.
You miss something. You closely miss something.
The orc wizard hits you but does no damage.
Something hits you but does no damage.
You hear some strange, mumbled words.
A puff of flame appears from out of thin air!
The puff of flame hits you!
You die...

. #.....<...# ####
##.#.........# ...##.#
...#.........# .......
.............# ####...
........$....# # #.#
.............### ## #.#
#....{{o......# .# #.#
#....@.....# .# #.#
#^....=....# .####.#
#..........# ...##.#
#.##..######
.#.##.######.###.....##
..............).......#
.#####...###..#####.....
.# ###.###..# ##### .#
#......#####


You could see an orc wizard.

Vanquished Creatures
  Sigmund (D:2)
  2 ogres (D:4)
  A phantom (D:4)
  A centaur (D:3)
  A worker ant (D:4)
  A hound zombie (D:3)
  2 adders (D:2)
  A worm (D:3)
  4 dart slugs
  A giant gecko (D:2)
  5 orcs
  A ball python (D:2)
  4 bats
  7 giant cockroaches
  4 goblins
  10 hobgoblins
  4 jackals (D:1)
  A quokka (D:3)
  3 giant newts (D:3)
  A jackal skeleton (D:4)
  3 kobolds (D:1)
  6 rats
64 creatures vanquished.

Notes
Turn   | Place    | Note
-------+----------+-------------------------------------------
     0 | D:1      | Elitist the Halfling Gladiator began the quest for the Orb.
     0 | D:1      | Reached XP level 1. HP: 14/14 MP: 1/1
    59 | D:1      | Reached XP level 2. HP: 19/19 MP: 2/2
   240 | D:1      | Reached skill level 4 in Axes
   240 | D:1      | Reached XP level 3. HP: 24/24 MP: 3/3
  1011 | D:2      | Reached XP level 4. HP: 28/29 MP: 4/4
  1088 | D:2      | Noticed Sigmund
  1171 | D:2      | Killed Sigmund
  1171 | D:2      | Reached skill level 5 in Axes
  1171 | D:2      | Reached skill level 1 in Armour
  1171 | D:2      | Reached XP level 5. HP: 20/34 MP: 5/5
  1171 | D:2      | Reached XP level 6. HP: 23/39 MP: 6/6
  1294 | D:2      | Found a stormy altar of Qazlal.
  1295 | D:2      | Noticed a fire elemental
  1297 | D:2      | Noticed a water elemental
  1297 | D:2      | Noticed an air elemental
  1382 | D:2      | Reached skill level 6 in Axes
  2141 | D:3      | Noticed Grinder
  2268 | D:4      | Reached XP level 7. HP: 38/45 MP: 7/7
  2552 | D:4      | Reached skill level 7 in Axes
  2638 | D:4      | Killed from afar by an orc wizard

Vault maps used:
D:1:      lordsloth_arrival_two_stooges
D:2:      nicolae_qazlal_style_of_elements, uniq_sigmund
D:3:      uniq_grinder
D:4:      minmay_misc_feat_more_columns

Skill      XL: |  1  2  3  4  5  6  7 |
---------------+----------------------+-----
Axes           | 4 5 6 7 |  7.4
Fighting       | 2 |  2.6
Armour         | 1 2 3 |  3.2
Throwing       | |  2.0
Dodging        | |  3.2

Action                   |  1- 3 |  4- 6 |  7- 9 || total
-------------------------+-------+-------+-------++-------
Melee: War axe           |    85 |   102 |    54 ||   241
Throw: Throwing net      |       |     3 |       ||     3
Evoke: Wand              |       |       |     4 ||     4
  Use: Potion            |       |     4 |     1 ||     5
       Scroll            |       |       |     4 ||     4
 Stab: Sleeping          |     3 |       |       ||     3
  Eat: Chunk             |       |     5 |     1 ||     6
Armor: Leather armour    |    21 |       |       ||    21
       Plate armour      |       |    70 |    39 ||   109
Dodge: Dodged            |    74 |    51 |    20 ||   145
